 Dungeon Crawl Stone Soup version 0.14.0-24-gfb45beb (webtiles) character file.

277 Qrupt the Chopper (level 5, -1/40 HPs)
             Began as a Human Wanderer on Apr 21, 2014.
             Killed from afar by Natasha (3 damage)
             ... with a magic dart
             ... on Level 3 of the Dungeon.
             The game lasted 00:07:01 (3446 turns).

Qrupt the Chopper (Human Wanderer)                  Turns: 3446, Time: 00:07:01

HP  -1/40        AC 11     Str 14      XL: 5   Next: 59%
MP   7/7         EV  8     Int 13      God:
Gold 126         SH  0     Dex 14      Spells:  0 memorised,  6 levels left

rFire  + . .     SeeInvis .     b - +0 hand axe
rCold  . . .     Clarity  .     a - +0 scale mail
rNeg   . . .     Conserve .     (no shield)
rPois  .         rCorr    .     (no helmet)
rElec  .         rRot     .     (no cloak)
SustAb . .       Spirit   .     n - +2 pair of gloves {Str+3}
rMut   .         Warding  .     (no boots)
Saprov . . .     Stasis   .     (no amulet)
MR     .....                    e - +2 ring of protection
                                d - ring of protection from fire

@: slowed, very slow, not resistant to hostile enchantments, extremely
unstealthy
A: no striking features
a: no special abilities


You were on level 3 of the Dungeon.
You were hungry.

You visited 1 branch of the dungeon, and saw 3 of its levels.

You collected 126 gold pieces.

Inventory:

Hand weapons
 b - a +0,+0 hand axe (weapon)
Armour
 a - a +0 scale mail (worn)
 n - a +2 pair of gloves of strength (worn)
Comestibles
 c - 4 bread rations
 g - 2 meat rations
 l - an apricot
 m - a snozzcumber
 o - an apple
Scrolls
 i - 2 scrolls of amnesia
 j - a scroll of blinking {unknown}
 p - 2 scrolls of identify
Jewellery
 d - a ring of protection from fire (left hand)
 e - a +2 ring of protection (right hand)
 f - an uncursed amulet of warding
 k - an uncursed ring of poison resistance {unknown}
Potions
 h - 2 potions of porridge


   Skills:
 + Level 2.9 Fighting
 + Level 3.0 Axes
 + Level 2.7 Armour
 - Level 1.0 Spellcasting
   Level 2.0 Conjurations
   Level 2.0 Transmutations
   Level 2.0 Evocations


You had 6 spell levels left.
You didn't know any spells.

Dungeon Overview and Level Annotations

Branches:
Dungeon (3/15)

Altars:

Annotations:
D:3 Natasha


Message History

The iron imp is lightly wounded.
Natasha growls.
Natasha claws you but does no damage.
The crimson imp picks up a beetle and eats it.
The iron imp closely misses you. Natasha casts a spell at you. You resist.
The iron imp disappears in a puff of smoke!
Natasha stares at you and mumbles some strange words.
You feel yourself slow down.
Natasha zaps a wand.
The puff of flame hits you! You resist.
* * * LOW HITPOINT WARNING * * *
The crimson imp disappears in a puff of smoke!
Natasha stares at you and mumbles some strange words.
The magic dart hits you!
* * * LOW HITPOINT WARNING * * *
Natasha mumbles some strange words.
Natasha casts a spell at you. The magic dart hits you!
You die...

#.#.....!.##..####.###.#
.#
###.#.##5##........#%#
#.. #
..........5.##..##.#.#
####
.........##.##..##.#.#
.#..#..#.##.##.......#
....#..#..h..ยง.#h#.#.#
....#.......####...#.#
...%##....### #..##.#
...........# #@....#
.##.##.....#####)#####
<..........##...<...#
.##.##.........#.####
....##.....#.......#
...#######.#.###...#
##.......#.#.####..#
##.#####.#.#.##....#
#...####.#.#.##.##.#


You could see Natasha.

Vanquished Creatures
  An orc priest (D:3)
  Ijyb (D:2)
  2 adders
  3 giant geckos (D:1)
  3 orcs
  A ball python (D:3)
  5 bats
  2 giant cockroaches
  15 goblins
  5 hobgoblins (D:1)
  7 jackals
  4 kobolds
  5 giant newts
  5 rats (D:2)
59 creatures vanquished.

Vanquished Creatures (others)
  Natasha (D:3)
1 creature vanquished.

Grand Total: 60 creatures vanquished

Notes
Turn   | Place    | Note
--------------------------------------------------------------
     0 | D:1      | Qrupt, the Human Wanderer, began the quest for the Orb.
     0 | D:1      | Reached XP level 1. HP: 15/15 MP: 2/2
   258 | D:1      | Reached XP level 2. HP: 11/21 MP: 3/3
   823 | D:1      | Reached XP level 3. HP: 22/26 MP: 4/4
  2163 | D:2      | Reached XP level 4. HP: 30/33 MP: 5/5
  2552 | D:2      | Noticed Ijyb
  2592 | D:2      | Killed Ijyb
  3033 | D:2      | Reached XP level 5. HP: 35/39 MP: 7/7
  3289 | D:3      | Noticed Natasha
  3320 | D:3      | Killed Natasha
  3320 | D:3      | Reached skill level 3 in Axes
  3418 | D:3      | Noticed Natasha
  3442 | D:3      | HP: 2/40 [Natasha/magic dart (7)]
  3446 | D:3      | Killed from afar by Natasha

Action                   |  1- 3 |  4- 6 || total
-------------------------+-------+-------++-------
Melee: Hand axe          |   159 |   140 ||   299
  Use: Potion            |     2 |     1 ||     3
       Scroll            |     1 |       ||     1
